 Dungeon Crawl Stone Soup version 0.30.0-29-ga12c61a403 (webtiles) character file.

Game seed: 10125643970936919115

107 safid the Chiller (level 4, -8/34 HPs)
             Began as a Merfolk Ice Elementalist on June 8, 2023.
             Splashed by a jelly's acid (9 damage)
             ... on level 2 of the Dungeon.
             The game lasted 00:03:01 (1417 turns).

safid the Chiller (Merfolk Ice Elementalist)        Turns: 1417, Time: 00:03:02

Health: -8/34      AC: -10   Str:  8    XL:     4   Next: 86%
Magic:  2/8        EV: 12    Int: 16    God:
Gold:   102        SH:  0    Dex: 14    Spells: 2/9 levels left

rFire   . . .        i - +1 dagger (elec)
rCold   . . .        (no shield)
rNeg    . . .        a - +0 robe
rPois   .            (no helmet)
rElec   .            (no cloak)
rCorr   .            (no gloves)
SInv    .            (no boots)
Will    .....        (no amulet)
Stlth   ++           (no ring)
HPRegen 0.25/turn    (no ring)
MPRegen 0.11/turn

%: no passive effects
@: corroded
A: (nimble swimmer 2), mertail
a: no special abilities


You were on level 2 of the Dungeon.
You visited 1 branch of the dungeon, and saw 2 of its levels.

You collected 102 gold pieces.

Inventory:

Hand Weapons
 i - a +1 dagger of electrocution (weapon)
Armour
 a - a +0 robe (worn)
Scrolls
 f - a scroll of identify
 h - a scroll of poison
Potions
 b - a potion of magic
 c - a potion of curing {unknown}
 e - a potion of ambrosia {unknown}
 g - a potion of heal wounds {unknown}


   Skills:
 + Level 2.4 Fighting
 - Level 2.6 Dodging
 - Level 2.1 Stealth
 + Level 3.1 Spellcasting
 + Level 5.2 Ice Magic


You had 2 spell levels left.
You knew the following spells:

 Your Spells              Type           Power      Damage    Failure   Level
a - Freeze                Ice            76%        1d8       2%          1
b - Frozen Ramparts       Ice            38%        1d6       6%          3
c - Ozocubu's Armour      Ice            19%        N/A       6%          3

Your spell library contained the following spells:

 Spells                   Type           Power      Damage    Failure   Level
 Summon Ice Beast         Ice/Summ       10%        N/A       54%         4


Dungeon Overview and Level Annotations

Branches:
Dungeon (2/15)

Altars:


Innate Abilities, Weirdness & Mutations

((You are very nimble when in or above water. (Stealth+, EV+, Speed+++)))
Your lower body shifts to a powerful aquatic tail in water.


Message History

Unknown command.
You hit the jelly. The acid corrodes you!
Your hands burn!
The jelly is moderately wounded.
The jelly misses you.
You barely miss the jelly.
The jelly is moderately wounded.
The jelly hits you. The acid corrodes you!
You are splashed with acid!
You hit the jelly but do no damage.
Your hands burn!
The jelly is moderately wounded.
The jelly barely misses you.
The endoplasm quivers.
You hit the jelly but do no damage. The acid corrodes you!
Your hands burn!
The jelly is moderately wounded.
The jelly closely misses you.
You are too injured to fight recklessly!
Unknown command.
The jelly attacks as you move away! The jelly misses you.
Things that are here:
a +0 dagger; 2 stones The jelly attacks as you move away!
The jelly misses you. The jelly attacks as you move away!
The jelly barely misses you.
The jelly jiggles.
The jelly attacks as you move away! The jelly hits you.
You are splashed with acid.
The endoplasm jiggles.
The jelly attacks as you move away! The jelly misses you.
There is an open door here.
The jelly attacks as you move away! The jelly barely misses you.
The jelly attacks as you move away! The jelly hits you.
You are splashed with acid!
* * * LOW HITPOINT WARNING * * *
The jelly attacks as you move away! The jelly barely misses you.
Unknown command.
As you read the scroll labelled KYNUBR DIAGETH, it crumbles to dust.
It is a scroll of identify.
h - a scroll of poison The jelly hits you.
* * * LOW HITPOINT WARNING * * *
You are splashed with acid!
You die...

.##.##.## .##.#>..#
.##.....# .####...#
>#####.## ####### .......#
##.....###
######.####..#.....#
######....))###'''##
#.......#######.@.##
#.#####.######.[J..########
#.# #......##...J...##....#
..# #.#.#..##.......#####.#
### #.#.#..##...J...# #.#
#.#....##..)J...# #.####
#.#.#.######....# #....#
###.#.#.###J.'....# #....#
#.......##J######## ##...#


You could see 2 jellies and 2 endoplasms.

Vanquished Creatures
  A jelly (D:2)
  2 adders (D:2)
  A worm (D:2)
  2 dart slugs (D:2)
  8 endoplasms
  5 giant cockroaches (D:2)
  4 goblins
  2 hobgoblins (D:1)
  4 jackals (D:2)
  9 kobolds
  5 ball pythons
  A bat (D:2)
  2 rats (D:2)
46 creatures vanquished.

Notes
Turn   | Place    | Note
-------+----------+-------------------------------------------
     0 | D:1      | safid the Merfolk Ice Elementalist began the quest for the
                  | Orb.
     0 | D:1      | Reached XP level 1. HP: 13/13 MP: 3/3
   153 | D:1      | Reached XP level 2. HP: 18/20 MP: 1/5
   210 | D:1      | Reached skill level 1 in Fighting
   269 | D:1      | You fall into a shaft and drop 1 floor!
   417 | D:2      | Reached XP level 3. HP: 22/26 MP: 6/6
   843 | D:2      | Reached skill level 5 in Ice Magic
   845 | D:2      | Reached XP level 4. HP: 30/33 MP: 3/8
   857 | D:2      | Learned a level 3 spell: Frozen Ramparts
   861 | D:2      | Learned a level 3 spell: Ozocubu's Armour
  1417 | D:2      | HP: 1/34 [jelly (2)]
  1417 | D:2      | Splashed by a jelly's acid

Illustrated notes

Levels and vault maps discovered:
D:1:      wander_arrival_fairy_ring, layout_loops_ring, minmay_domino_4
D:2:      cheibrodos_fertilizer, layout_loops_cross,
          corexii_hall_statues_deadend, nrook_campfire

Skill      XL: |  1  2  3  4 |
---------------+-------------+-----
Fighting       | 1 2 |  2.4
Ice Magic      | 5 |  5.2
Spellcasting   | 3 |  3.1
Dodging        | |  2.6
Stealth        | |  2.1

Action                     |  1- 3 |  4- 6 || total
---------------------------+-------+-------++-------
  Melee: Unarmed           |    11 |       ||    11
         Club              |     5 |       ||     5
         Short sword       |    52 |    26 ||    78
         Dagger            |       |     8 ||     8
   Cast: Freeze            |    28 |    13 ||    41
         Frozen Ramparts   |       |     2 ||     2
         Ozocubu's Armour  |       |     1 ||     1
    Use: Scroll            |       |     1 ||     1
   Stab: Sleeping          |     1 |     2 ||     3
 Armour: Robe              |    18 |     9 ||    27
  Dodge: Dodged            |    56 |    21 ||    77
